 Dungeon Crawl Stone Soup version 0.21.0-3-g78d12a8 (webtiles) character file.

17 komo4ek the Caller (level 2, -1/15 HPs)
             Began as a Tengu Summoner on Jan 12, 2018.
             Slain by an adder (4 damage)
             ... on level 2 of the Dungeon.
             The game lasted 00:05:21 (1485 turns).

komo4ek the Caller (Tengu Summoner)                 Turns: 1485, Time: 00:05:22

Health: -1/15      AC:  2    Str:  8    XL:     2   Next: 62%
Magic:  3/6        EV: 12    Int: 15    God:
Gold:   49         SH:  0    Dex: 14    Spells: 4/5 levels left

rFire    . . .     SeeInvis .   s - +0 spear
rCold    . . .     Gourm    .   (no shield)
rNeg     . . .     Faith    .   a - +0 robe
rPois    .         Spirit   .   (helmet restricted)
rElec    .         Reflect  .   (no cloak)
rCorr    .         Harm     .   (no gloves)
MR       .....                  (boots unavailable)
Stlth    ++........             (no amulet)
HPRegen  0.05/turn              (no ring)
MPRegen  0.10/turn              (no ring)

@: lethally poisoned (-1 -> -5)
A: beak, talons 3
a: no special abilities


You were on level 2 of the Dungeon.
You were not hungry.

You visited 1 branch of the dungeon, and saw 2 of its levels.

You collected 49 gold pieces.

Inventory:

Hand Weapons
 j - a +0 club
 s - a +0 spear (weapon)
Missiles
 d - 20 bolts
 e - 17 sling bullets
 p - 97 stones (quivered)
 q - 18 arrows
Armour
 a - a +0 robe (worn)
Scrolls
 f - 2 scrolls of identify {unknown}
 h - a scroll of enchant armour {unknown}
 m - 3 scrolls of remove curse {unknown}
 n - a scroll of immolation {unknown}
 r - a scroll of fear {unknown}
Potions
 g - 3 potions of degeneration {unknown}
 i - a potion of resistance {unknown}
 k - a potion of brilliance {unknown}
 l - 2 potions of curing {unknown}
 o - a potion of berserk rage {unknown}
 t - a potion of mutation {unknown}
Books
 b - a book of Callings

   Spells                             Type                      Level
   a - Summon Small Mammal            Summoning                    1
   b - Call Imp                       Summoning                    2
   c - Call Canine Familiar           Summoning                    3
   d - Summon Guardian Golem          Hexes/Summoning              3
   e - Summon Lightning Spire         Summoning/Air                4
   f - Summon Ice Beast               Ice/Summoning                4
Comestibles
 c - 3 rations


   Skills:
 - Level 2.1 Dodging
 - Level 2.0 Stealth
 + Level 2.3 Spellcasting
 * Level 5.4 Summonings


You had 4 spell levels left.
You knew the following spells:

 Your Spells              Type           Power        Failure   Level  Hunger
a - Summon Small Mammal   Summ           ###.         2%          1    #......


Dungeon Overview and Level Annotations

Branches:
Dungeon (2/15)

Altars:


Innate Abilities, Weirdness & Mutations

You have a beak for a mouth.
You have claws for feet.


Message History

Your bat is poisoned.
The adder poisons your bat!
Your bat hits the worm but does no damage.
You hit the adder. Your peck misses the adder.
The adder is severely wounded.
Your bat misses the adder. The adder closely misses you.
Your bat hits the worm. You miss the adder.
The adder is severely wounded.
Your bat dies!
Your bat's corpse disappears in a puff of smoke!
The adder bites you.
You are lethally poisoned!
The adder poisons you!
Your quokka bites the worm.
The adder bites you.
* * * LOW HITPOINT WARNING * * *
* * * LOW HITPOINT WARNING * * *
You feel sick.
Your quokka closely misses the adder.
Your quokka bites the worm.
The adder bites you.
You die...

#. ##.....###... .<
#..#.....## .
##..##<..### #.
#####)..##.#...#
#.###..........###..
.........###### #..
#.##....# #++
##.....#..#
#.@###.##..#
#####S####.# #...
#....w.....# ##.#
#..[.r.....### ##
#.............
#########...........#
................>...#
.#######..............
########..........#..


You could see a worm, an adder and a friendly quokka.

Vanquished Creatures
  A dart slug (D:2)
  A giant cockroach (D:1)
  3 goblins (D:2)
  A hobgoblin (D:1)
  2 bats (D:2)
  A frilled lizard (D:1)
  A kobold (D:1)
10 creatures vanquished.

Vanquished Creatures (collateral kills)
  A goblin (D:2)
  2 jackals (D:1)
  A quokka (D:2)
  A bat (D:2)
  A rat (D:1)
6 creatures vanquished.

Grand Total: 16 creatures vanquished

Notes
Turn   | Place    | Note
-------+----------+-------------------------------------------
     0 | D:1      | komo4ek the Tengu Summoner began the quest for the Orb.
     0 | D:1      | Reached XP level 1. HP: 10/10 MP: 4/4
   348 | D:1      | Reached skill level 5 in Summonings
   924 | D:1      | Reached XP level 2. HP: 4/15 MP: 1/6
  1485 | D:2      | Slain by an adder

Skill      XL: |  1 |
---------------+----+-----
Summonings     | 5 |  5.4
Dodging        | |  2.1
Stealth        | |  2.0
Spellcasting   | |  2.3

Action                   || total
-------------------------++-------
Melee: Unarmed           ||     8
       Club              ||    11
       Kick              ||     5
       Peck              ||     5
       Spear             ||    17
 Cast: Summon Small Mamm ||    22
 Stab: Sleeping          ||     1
  Eat: Ration            ||     1
Armor: Robe              ||    19
Dodge: Dodged            ||    36
